AoeStats
← 夢裡甚麼都有

Oasis

507091113Analyzed
4v4 RM · 17d ago on Sep 16, 2026· 15m 30s· 8 players
Game mode
Random Map
Map size
Large (8 player)
Population
200
Speed
Normal
Resources
Standard
Victory
Conquest
Starting age
Dark Age
Ending age
Imperial Age
RankedLock teamsTeams togetherTeam positionsShared explorationLock speedFull tech treeHidden civsTurbo modeCheats
Victory
Defeat
🇭🇰 Saracens · Hong Kong SAR China
1609
+9
🇹🇼 Franks · Taiwan
1426
+16
🇹🇼 Portuguese · Taiwan
1403
+17
🇹🇼 Britons · Taiwan
1253
+24
🇵🇪 Magyars · Peru
1465
-18
🇨🇳 Britons · China
1452
-17
🇮🇳 Franks · India
1409
-16
🇨🇳 Ethiopians · China
1399
-15
BBBBBBBB
5:54 Loom
8:53 Feudal Age
10:02 Double-Bit Axe
15:10 Forging
15:06 Scale Barding Armor
劉劉家
6:16 Loom
9:09 Feudal Age
cccccccccc
10:23 Feudal Age
14:11 Castle Age
13:04 Horse Collar
13:15 Double-Bit Axe
14:04 Horse Collar
夢裡甚麼都有
5:34 Loom
8:20 Feudal Age
13:50 Fletching
Les Choristes
5:16 Loom
9:29 Feudal Age
11:50 Fletching
世一上、
5:17 Loom
10:35 Feudal Age
15:17 Castle Age
13:24 Double-Bit Axe
Maverick
10:32 Feudal Age
12:23 Loom
15:45 Castle Age
14:10 Double-Bit Axe
Ux'GIAN
6:42 Loom
9:09 Feudal Age
9:39 Double-Bit Axe
11:04 Wheelbarrow
10:33 Horse Collar
12:32 Town Watch
Connection lost

Rejoining the realm…

Still unreachable

The connection could not be restored.

Session expired

The server has moved on; the page needs a fresh start.